PCL
SPOKANE TRAPPERS @ GRESHAM GOLD SOULS
07/30/2028
 
TOP OF THE 1ST
Spokane Trappers batting - Pitching for Gresham Gold Souls : LHP Francisco Nieto
Pitching: LHP Francisco Nieto
Batting: RHB Octávio Zúñiga 0-0: Ball
1-0: Ball
2-0: Called Strike
2-1: Foul Ball, location: 2F
2-2: Ball
3-2: Foul Ball, location: 2F
3-2: Fly out, F8 (Line Drive, 8LD)
Batting: RHB Clyde Kelley 0-0: Hit by Pitch
Batting: LHB Jim Jensen 0-0: Ball
1-0: Called Strike
1-1: Foul Ball, location: 2F
1-2: Foul Ball, location: 2F
1-2: Foul Ball, location: 2F
1-2: Ball
2-2: Ball
3-2: Ground out 4-3 (Groundball, 4S)
Clyde Kelley to second
Batting: RHB Enrico Rodríguez 0-0: Foul Ball, location: 2F
0-1: Fly out, F7 (Flyball, 7LM)
Top of the 1st over - 0 run(s), 0 hit(s), 0 error(s), 1 left on base; Spokane 0 - Gresham 0
BOTTOM OF THE 1ST
Gresham Gold Souls batting - Pitching for Spokane Trappers : RHP Flávio De Brito
Pitching: RHP Flávio De Brito
Batting: LHB Nick Scott 0-0: Ball
1-0: Called Strike
1-1: Ball
2-1: Foul Ball, location: 2F
2-2: Ground out U3 (Groundball, 3)
Batting: LHB Bill Smith 0-0: Called Strike
0-1: Foul Ball, location: 2F
0-2: Strikes out swinging
Batting: RHB Jared Thompson 0-0: Ball
1-0: Foul Ball, location: 2F
1-1: Fly out, F7 (Line Drive, 7)
Bottom of the 1st over - 0 run(s), 0 hit(s), 0 error(s), 0 left on base; Spokane 0 - Gresham 0
TOP OF THE 2ND
Spokane Trappers batting - Pitching for Gresham Gold Souls : LHP Francisco Nieto
Batting: LHB Héctor Rentería 0-0: Foul Ball, location: 2F
0-1: Ball
1-1: Ball
2-1: SINGLE (Flyball, 78S)
Batting: RHB Ramiro Ross 0-0: Ball
1-0: Fly out, F9 (Flyball, 9LS)
Batting: LHB Cisco Villanueva 0-0: Ball
1-0: Ball
2-0: Fly out, F8 (Flyball, 8RM)
Batting: RHB António Martínez 0-0: Ball
1-0: Swinging Strike
1-1: Ball
2-1: Foul Ball, location: 2F
2-2: Ball
3-2: Base on Balls
Héctor Rentería to second
Batting: RHB Jacob Hill 0-0: Foul Ball, location: 2F
0-1: Ball
1-1: Fly out, F7 (Flyball, 7S)
Top of the 2nd over - 0 run(s), 1 hit(s), 0 error(s), 2 left on base; Spokane 0 - Gresham 0
BOTTOM OF THE 2ND
Gresham Gold Souls batting - Pitching for Spokane Trappers : RHP Flávio De Brito
Batting: LHB Chance Santry 0-0: Ball
1-0: Foul Ball, location: 2F
1-1: Called Strike
1-2: Strikes out swinging
Batting: RHB Mario Méndez 0-0: Foul Ball, location: 2F
0-1: Ground out 6-3 (Groundball, 56)
Batting: RHB Matt Davidson 0-0: Called Strike
0-1: Foul Ball, location: 2F
0-2: Ground out 4-3 (Groundball, 4)
Bottom of the 2nd over - 0 run(s), 0 hit(s), 0 error(s), 0 left on base; Spokane 0 - Gresham 0
TOP OF THE 3RD
Spokane Trappers batting - Pitching for Gresham Gold Souls : LHP Francisco Nieto
Batting: RHB Octávio Zúñiga 0-0: Called Strike
0-1: Foul Ball, location: 2F
0-2: Ground out 6-3 (Groundball, 6)
Batting: RHB Clyde Kelley 0-0: Foul Ball, location: 2F
0-1: Ground out 5-3 (Groundball, 56S)
Batting: LHB Jim Jensen 0-0: Ball
1-0: Ball
2-0: Ball
3-0: Base on Balls
Batting: RHB Enrico Rodríguez 0-0: Fly out, F8 (Flyball, 8LD)
Top of the 3rd over - 0 run(s), 0 hit(s), 0 error(s), 1 left on base; Spokane 0 - Gresham 0
BOTTOM OF THE 3RD
Gresham Gold Souls batting - Pitching for Spokane Trappers : RHP Flávio De Brito
Batting: SHB Todd Smith 0-0: Fly out, F3 (Line Drive, 3S)
Batting: RHB Willie Houk 0-0: Swinging Strike
0-1: Foul Ball, location: 2F
0-2: DOUBLE (Flyball, 78D)
Batting: RHB Augusto Baiano 0-0: Ball
1-0: Called Strike
1-1: Ball
2-1: Ball
3-1: Called Strike
3-2: Strikes out looking
Batting: LHB Nick Scott 0-0: Called Strike
0-1: Ball
1-1: Ball
2-1: Called Strike
2-2: Foul Ball, location: 2F
2-2: Ball
3-2: Base on Balls
Batting: LHB Bill Smith 0-0: Ground out 4-3 (Groundball, 34D)
Bottom of the 3rd over - 0 run(s), 1 hit(s), 0 error(s), 2 left on base; Spokane 0 - Gresham 0
TOP OF THE 4TH
Spokane Trappers batting - Pitching for Gresham Gold Souls : LHP Francisco Nieto
Batting: LHB Héctor Rentería 0-0: Ball
1-0: Foul Ball, location: 2F
1-1: Ball
2-1: Foul Ball, location: 2F
2-2: Ball
3-2: Strikes out swinging
Batting: RHB Ramiro Ross 0-0: Swinging Strike
0-1: Called Strike
0-2: Ball
1-2: SOLO HOME RUN (Flyball, 7D), Distance : 382 ft
Batting: LHB Cisco Villanueva 0-0: Called Strike
0-1: Ball
1-1: Foul Ball, location: 2F
1-2: Strikes out looking
Batting: RHB António Martínez 0-0: Ball
1-0: Swinging Strike
1-1: Ball
2-1: Called Strike
2-2: Foul Ball, location: 2F
2-2: Ground out U3 (Groundball, 34)
Top of the 4th over - 1 run(s), 1 hit(s), 0 error(s), 0 left on base; Spokane 1 - Gresham 0
BOTTOM OF THE 4TH
Gresham Gold Souls batting - Pitching for Spokane Trappers : RHP Flávio De Brito
Batting: RHB Jared Thompson 0-0: Fly out, F2 (Popup, 25)
Batting: LHB Chance Santry 0-0: Called Strike
0-1: Ball
1-1: Fly out, F9 (Flyball, 9)
Batting: RHB Mario Méndez 0-0: Ball
1-0: Ball
2-0: Ball
3-0: Called Strike
3-1: Ground out 5-3 (Groundball, 56)
Bottom of the 4th over - 0 run(s), 0 hit(s), 0 error(s), 0 left on base; Spokane 1 - Gresham 0
TOP OF THE 5TH
Spokane Trappers batting - Pitching for Gresham Gold Souls : LHP Francisco Nieto
Batting: RHB Jacob Hill 0-0: Ball
1-0: Ball
2-0: Ball
3-0: Base on Balls
Batting: RHB Octávio Zúñiga 0-0: Called Strike
0-1: Grounds into double play, 6-4-3 (Groundball, 6)
Batting: RHB Clyde Kelley 0-0: Called Strike
0-1: Called Strike
0-2: Foul Ball, location: 2F
0-2: Foul Ball, location: 2F
0-2: DOUBLE (Line Drive, 78XD)
Batting: LHB Jim Jensen 0-0: Ball
1-0: Ball
2-0: Ball
3-0: Called Strike
3-1: Called Strike
3-2: Ground out 3-1 (Groundball, 34)
Top of the 5th over - 0 run(s), 1 hit(s), 0 error(s), 1 left on base; Spokane 1 - Gresham 0
BOTTOM OF THE 5TH
Gresham Gold Souls batting - Pitching for Spokane Trappers : RHP Flávio De Brito
Batting: RHB Matt Davidson 0-0: Ball
1-0: Foul Ball, location: 2F
1-1: Foul Ball, location: 2F
1-2: Foul Ball, location: 2F
1-2: Foul Ball, location: 2F
1-2: Ball
2-2: Ball
3-2: Foul Ball, location: 2F
3-2: Fly out, F4 (Popup, 34D)
Batting: SHB Todd Smith 0-0: Swinging Strike
0-1: Swinging Strike
0-2: Strikes out looking
Batting: RHB Willie Houk 0-0: Swinging Strike
0-1: Ball
1-1: Called Strike
1-2: Strikes out swinging
Bottom of the 5th over - 0 run(s), 0 hit(s), 0 error(s), 0 left on base; Spokane 1 - Gresham 0
TOP OF THE 6TH
Spokane Trappers batting - Pitching for Gresham Gold Souls : LHP Francisco Nieto
Batting: RHB Enrico Rodríguez 0-0: Ball
1-0: Ball
2-0: Ball
3-0: Called Strike
3-1: Fly out, F8 (Flyball, 89D)
Batting: LHB Héctor Rentería 0-0: Swinging Strike
0-1: Swinging Strike
0-2: Ball
1-2: Ball
2-2: Foul Ball, location: 2F
2-2: Ball
3-2: Strikes out swinging
Batting: RHB Ramiro Ross 0-0: Swinging Strike
0-1: Swinging Strike
0-2: Strikes out swinging
Top of the 6th over - 0 run(s), 0 hit(s), 0 error(s), 0 left on base; Spokane 1 - Gresham 0
BOTTOM OF THE 6TH
Gresham Gold Souls batting - Pitching for Spokane Trappers : RHP Flávio De Brito
Batting: RHB Augusto Baiano 0-0: Ball
1-0: Called Strike
1-1: Foul Ball, location: 2F
1-2: Ground out 6-3 (Groundball, 6M)
Batting: LHB Nick Scott 0-0: Ball
1-0: Ball
2-0: Swinging Strike
2-1: Ball
3-1: Foul Ball, location: 2F
3-2: Foul Ball, location: 2F
3-2: Strikes out swinging
Batting: LHB Bill Smith 0-0: Foul Ball, location: 2F
0-1: Swinging Strike
0-2: Ball
1-2: Ball
2-2: Ball
3-2: Strikes out swinging
Bottom of the 6th over - 0 run(s), 0 hit(s), 0 error(s), 0 left on base; Spokane 1 - Gresham 0
TOP OF THE 7TH
Spokane Trappers batting - Pitching for Gresham Gold Souls : LHP Francisco Nieto
Pitching: LHP Shawn Taylor
Batting: LHB Cisco Villanueva 0-0: Ball
1-0: Called Strike
1-1: Foul Ball, location: 2F
1-2: Foul Ball, location: 2F
1-2: Ball
2-2: Ball
3-2: Strikes out looking
Batting: RHB António Martínez 0-0: Ball
1-0: Swinging Strike
1-1: SINGLE (Line Drive, 4M)
Batting: RHB Jacob Hill 0-0: Ball
1-0: Ball
2-0: Foul Ball, location: 2F
2-1: Fly out, F9 (Flyball, 9S)
Pinch Hitting: RHB Jackson Gibson 0-0: Ball
1-0: Swinging Strike
1-1: Foul Ball, location: 2F
1-2: Foul Ball, location: 2F
1-2: Foul Ball, location: 2F
1-2: Strikes out swinging
Top of the 7th over - 0 run(s), 1 hit(s), 0 error(s), 1 left on base; Spokane 1 - Gresham 0
BOTTOM OF THE 7TH
Gresham Gold Souls batting - Pitching for Spokane Trappers : RHP Flávio De Brito
Now in LF: Jackson Gibson
Batting: RHB Jared Thompson 0-0: Foul Ball, location: 2F
0-1: Swinging Strike
0-2: Foul Ball, location: 2F
0-2: Ball
1-2: Ball
2-2: SINGLE (Groundball, 56) (infield hit)
Batting: LHB Chance Santry 0-0: Ball
1-0: Called Strike
1-1: Called Strike
1-2: Ball
2-2: Ball
3-2: Foul Ball, location: 2F
3-2: Fly out, F9 (Flyball, 89S)
Batting: RHB Mario Méndez 0-0: Foul Ball, location: 2F
0-1: Ball
1-1: 2-RUN HOME RUN (Flyball, 7D), Distance : 395 ft
Batting: RHB Matt Davidson 0-0: Called Strike
0-1: Foul Ball, location: 2F
0-2: Ball
1-2: Ball
2-2: Foul Ball, location: 2F
2-2: Ball
3-2: Foul Ball, location: 2F
3-2: Fly out, F8 (Flyball, 8LD)
Batting: SHB Todd Smith 0-0: SINGLE (Flyball, 6MD)
Pitching: LHP Júlio Hernández
Batting: RHB Willie Houk 0-0: Called Strike
0-1: Ball
1-1: Swinging Strike
1-2: Ball
2-2: Fielders Choice at 2nd, 6-4 (Groundball, 6)
Bottom of the 7th over - 2 run(s), 3 hit(s), 0 error(s), 0 left on base; Spokane 1 - Gresham 2
TOP OF THE 8TH
Spokane Trappers batting - Pitching for Gresham Gold Souls : LHP Shawn Taylor
Pitching: RHP Robbie O'Neil
Batting: RHB Clyde Kelley 0-0: Fly out, F9 (Flyball, 9LD)
Batting: LHB Jim Jensen 0-0: Ball
1-0: Foul Ball, location: 2F
1-1: Called Strike
1-2: Ball
2-2: Foul Ball, location: 2F
2-2: Ball
3-2: Ground out 4-3 (Groundball, 4MS)
Batting: RHB Enrico Rodríguez 0-0: SINGLE (Line Drive, 9S)
Batting: LHB Héctor Rentería 0-0: Swinging Strike
0-1: Ball
1-1: Ball
2-1: SINGLE (Line Drive, 5D)
Enrico Rodríguez to second
Pinch Hitting: LHB Will Hill 0-0: Ball
1-0: Called Strike
1-1: Foul Ball, location: 2F
1-2: Ball
2-2: Ball
3-2: Strikes out swinging
Top of the 8th over - 0 run(s), 2 hit(s), 0 error(s), 2 left on base; Spokane 1 - Gresham 2
BOTTOM OF THE 8TH
Gresham Gold Souls batting - Pitching for Spokane Trappers : LHP Júlio Hernández
Now in RF: Will Hill
Batting: RHB Augusto Baiano 0-0: Foul Ball, location: 2F
0-1: Foul Ball, location: 2F
0-2: Ball
1-2: Ball
2-2: Ball
3-2: Base on Balls
Batting: LHB Nick Scott 0-0: Bunted foul
0-1: Sac Bunt - play at first, batter OUT! 3-4
Augusto Baiano to second
Pinch Hitting: RHB Jim Villiers 0-0: Ball
1-0: Ball
2-0: Ball
3-0: Foul Ball, location: 2F
3-1: SINGLE (Groundball, 6D)
Augusto Baiano to third
Runner from 3rd tries for Home, SAFE, no throw
Batting: RHB Jared Thompson 0-0: Ball
1-0: Ball
2-0: TRIPLE (Flyball, 8RXD)
Jim Villiers scores
Pitching: RHP Ching-wei Zi
Batting: LHB Chance Santry 0-0: Intentional Walk
Batting: RHB Mario Méndez 0-0: Ball
1-0: 3-RUN HOME RUN (Flyball, 9D), Distance : 383 ft
Batting: RHB Matt Davidson 0-0: Foul Ball, location: 2F
0-1: Ball
1-1: Ball
2-1: Swinging Strike
2-2: Ball
3-2: Ground out 1-3 (Groundball, 13)
Batting: SHB Todd Smith 0-0: Ball
1-0: Ball
2-0: Ball
3-0: Called Strike
3-1: Base on Balls
Batting: RHB Willie Houk 0-0: Ball
1-0: Called Strike
1-1: Ball
2-1: Swinging Strike
2-2: Strikes out looking
Bottom of the 8th over - 5 run(s), 3 hit(s), 0 error(s), 1 left on base; Spokane 1 - Gresham 7
TOP OF THE 9TH
Spokane Trappers batting - Pitching for Gresham Gold Souls : RHP Robbie O'Neil
Now in LF: Anthony Wells
Now in CF: Jermaine Carter
Batting: LHB Cisco Villanueva 0-0: Called Strike
0-1: Ball
1-1: Ball
2-1: Fly out, F7 (Flyball, 7LS)
Batting: RHB António Martínez 0-0: Foul Ball, location: 2F
0-1: Foul Ball, location: 2F
0-2: Strikes out swinging
Batting: RHB Jacob Hill 0-0: Called Strike
0-1: Ball
1-1: Ball
2-1: Ball
3-1: Called Strike
3-2: Base on Balls
Batting: RHB Jackson Gibson 0-0: DOUBLE (Line Drive, 89D)
Jacob Hill to third
Batting: RHB Clyde Kelley 0-0: Ball
1-0: Foul Ball, location: 2F
1-1: Foul Ball, location: 2F
1-2: Foul Ball, location: 2F
1-2: Strikes out swinging
Top of the 9th over - 0 run(s), 1 hit(s), 0 error(s), 2 left on base; Spokane 1 - Gresham 7
Tuesday, August 8th, 2017 - OOTP Baseball 17.12 Build 75